 Dungeon Crawl Stone Soup version 0.31.0-11-ge490571c62 (webtiles) character file.

Game seed: 8959859712100485084

23 trckry the Chopper (level 2, -4/27 HPs)
             Began as a Hill Orc Monk on Jan 31, 2024.
             Splashed by a jelly's acid (8 damage)
             ... on level 2 of the Dungeon on Feb 1, 2024.
             The game lasted 00:03:34 (885 turns).

trckry the Chopper (Hill Orc Monk)                   Turns: 885, Time: 00:03:34

Health: -4/27      AC: -5    Str: 13    XL:     2   Next: 95%
Magic:  2/2        EV: 12    Int: 10    God:
Gold:   50         SH:  0    Dex: 13    Spells: 1/1 levels left

rFire   . . .        a - +0 hand axe
rCold   . . .        d - orb {light}
rNeg    . . .        g - +0 robe
rPois   .            h - +0 helmet
rElec   .            (no cloak)
rCorr   .            (no gloves)
SInv    .            (no boots)
Will    .....        (no amulet)
Stlth   +            (no ring)
HPRegen 0.24/turn    (no ring)
MPRegen 0.08/turn

%: no passive effects
@: corroded, glowing
A: no striking features
a: no special abilities


You were on level 2 of the Dungeon.
You visited 1 branch of the dungeon, and saw 2 of its levels.

You collected 50 gold pieces.

Inventory:

Hand Weapons
 a - a +0 hand axe (weapon)
 b - a +3 dagger of venom
Armour
 d - an orb of light (worn)
 g - a +0 robe (worn)
 h - a +0 helmet (worn)
Scrolls
 e - 2 scrolls of identify {unknown}
 f - a scroll of blinking {unknown}
 i - a scroll of immolation {unknown}
 j - a scroll of enchant armour {unknown}
Potions
 c - a potion of ambrosia


   Skills:
 - Level 4.0 Fighting
 + Level 4.4 Axes
 + Level 2.7 Dodging
 * Level 1.1 Invocations


You had one spell level left.
You didn't know any spells.
Your spell library was empty.

Dungeon Overview and Level Annotations

Branches:
Dungeon (2/15) Zot: 11110

Altars:


Message History

Done exploring.
Done exploring.
Done exploring.
Adjust (i)tems, (s)pells, or (a)bilities?
g - a +3 dagger of venom Adjust to which letter? (? for menu, Esc to quit)
b - a +3 dagger of venom;
g - a +0 robe (worn)
Done exploring.
There is a stone staircase leading down here.
You climb downwards.
There is a stone staircase leading up here.
Found 16 gold pieces.
Found a stone staircase leading up.
You now have 44 gold pieces (gained 16).
There is a stone staircase leading up here.
Found a scroll labelled UBEQEE NEXUY.
Found 6 gold pieces.
Found a stone staircase leading down.
e - 2 scrolls labelled UBEQEE NEXUY (gained 1)
You now have 50 gold pieces (gained 6).
A jelly comes into view.
The jelly quivers.
You slash the jelly!
Your hands burn!
The jelly is heavily wounded.
The jelly hits you but does no damage.
You hit the jelly.
Your hands burn!
The jelly is heavily wounded.
The jelly hits you.
You are splashed with acid!
You hit the jelly.
Your hands burn!
* * * LOW HITPOINT WARNING * * *
The jelly is severely wounded.
The jelly closely misses you.
You completely miss the jelly.
The jelly is severely wounded.
The jelly barely misses you.
You hit the jelly. The acid corrodes you!
Your hands burn!
* * * LOW HITPOINT WARNING * * *
The jelly is almost dead.
The jelly hits you.
* * * LOW HITPOINT WARNING * * *
The acid corrodes you!
You are splashed with acid!
You die...

##.####
#..# #.##
#.# #.#
#.# #.#
###
#.####.###
#.....@..#
######J#.#
.#..# .#
#.# ## .#
#


You could see a jelly.

Vanquished Creatures
  3 bats (D:1)
  2 endoplasms (D:1)
  2 goblins (D:1)
  4 hobgoblins (D:1)
  2 jackals (D:1)
  A quokka (D:1)
  3 ball pythons (D:1)
  3 frilled lizards (D:1)
20 creatures vanquished.

Notes
Turn   | Place    | Note
-------+----------+-------------------------------------------
     0 | D:1      | trckry the Hill Orc Monk began the quest for the Orb.
     0 | D:1      | Reached XP level 1. HP: 19/19 MP: 1/1
    90 | D:1      | Reached XP level 2. HP: 27/27 MP: 2/2
   606 | D:1      | Reached skill level 1 in Invocations
   885 | D:2      | HP: 4/27 [jelly (1)]
   885 | D:2      | Splashed by a jelly's acid

Illustrated notes

Levels and vault maps discovered:
D:1:      psy_arrival_dodecagon, layout_basic, st_stairs_8, interstate_on_off,
          hangedman_feature_mirror, nicolae_twisty_statue_hallways
D:2:      minmay_recursive_quarters, layout_loops_ring

Skill      XL: |  1  2 |
---------------+-------+-----
Fighting       | 4 |  4.0
Invocations    | 1 |  1.1
Axes           | |  4.4
Dodging        | |  2.7

Action                     || total
---------------------------++-------
  Melee: Hand axe          ||    47
 Armour: Robe              ||    26
  Dodge: Dodged            ||    34
